 Dungeon Crawl Stone Soup version 0.30-a0-618-gd6c86c23d0 (webtiles) character file.

Game seed: 5477641308555120201

7 Leeroy the Ducker (level 2, 23/23 HPs)
             Began as a Merfolk Gladiator on Jan 9, 2023.
             Got out of the dungeon alive.
             The game lasted 00:00:25 (411 turns).

Leeroy the Ducker (Merfolk Gladiator)                Turns: 411, Time: 00:00:25

Health: 23/23      AC:  4    Str: 14    XL:     2   Next: 0%
Magic:  2/2        EV: 13    Int:  7    God:
Gold:   9          SH:  0    Dex: 15    Spells: 1/1 levels left

rFire   . . .      SeeInvis .    a - +0 long sword
rCold   . . .      Faith    .    (no shield)
rNeg    . . .      Spirit   .    b - +0 leather armour
rPois   .          Reflect  .    c - +0 helmet
rElec   .          Harm     .    (no cloak)
rCorr   .          Rampage  .    (no gloves)
Will    .....                    (no boots)
Stlth   +                        (no amulet)
HPRegen 0.23/turn                (no ring)
MPRegen 0.08/turn                (no ring)

@: no status effects
A: (nimble swimmer 2), mertail
a: no special abilities


You escaped.
You visited 1 branch of the dungeon, and saw 1 of its levels.

You collected 9 gold pieces.

Inventory:

Hand Weapons
 a - a +0 long sword (weapon)
Missiles
 d - 3 throwing nets (quivered)
 e - a javelin
Armour
 b - a +0 leather armour (worn)
 c - a +0 helmet (worn)
Scrolls
 h - a scroll of enchant weapon {unknown}
 i - a scroll of immolation {unknown}
Potions
 f - a potion of cancellation {unknown}
 g - a potion of curing {unknown}


   Skills:
 + Level 2.3 Fighting
 + Level 3.6 Long Blades
 + Level 2.3 Throwing
 + Level 4.2 Dodging


You had one spell level left.
You didn't know any spells.
Your spell library contained the following spells:

 Spells                   Type           Power      Damage    Failure   Level
 Sublimation of Blood     Necr           0%         N/A       65%         2
 Wereblood                Tmut           0%         N/A       65%         2
 Summon Hydra             Summ           0%         N/A       100%        7


Dungeon Overview and Level Annotations

Branches:
Dungeon (1/15)

Altars:


Innate Abilities, Weirdness & Mutations

((You are very nimble when in or above water. (Stealth+, EV+, Speed+++)))
Your lower body shifts to a powerful aquatic tail in water.


Message History

The endoplasm freezes you.
You are frozen.
You slash the endoplasm!
You kill the endoplasm!
An endoplasm comes into view.
You hit the ball python.
You kill the ball python!
The endoplasm quivers.
The endoplasm hits you but does no damage.
You barely miss the endoplasm. The endoplasm closely misses you.
The endoplasm hits you but does no damage.
Your movement speed is average.
Your attack delay is about 1.2.
Your damage rating with your +0 long sword is about 12 (Base 10 x 112% (Dex) x 110% (Skill)).
You completely miss the endoplasm. The endoplasm barely misses you.
You slash the endoplasm!
You kill the endoplasm!
i - a scroll labelled GEQYRY SE NUED
Found a short sword.
You pick up a book of Blood and begin reading...
You add the spells Sublimation of Blood, Wereblood and Summon Hydra to your library.
No target in view!
Found a stone staircase leading down.
There is a stone staircase leading down here.
Found a stone staircase leading down.
No target in view!
You now have 9 gold pieces.
A hobgoblin comes into view.
A hobgoblin is nearby!
A hobgoblin is nearby!
Found a sling.
The hobgoblin shouts!
The hobgoblin hits you.
You slash the hobgoblin!
You kill the hobgoblin!
You have reached level 2!
Found a scroll labelled DUSTRI BERAH.
There is an open door here.
There is a staircase leading out of the dungeon here.
Are you sure you want to leave the Dungeon?
This will make you lose the game!
You have escaped!

.# #.#....# .#
#...####
.#############.##
...........###.##
.###.#####..##..#####
.# #.##.............#
.# #.##.#####.#####.#
## .....#...#.#...#.#
. .....#.>.'.#.@.#.###
###?..#.#...#.#...#...
####.##.#####.##'##.##
.. #..............# .#
#.##'##.#####..# .#
#.#...#.# #..#
.######.#...#.+ #..#
........#...#.# #..#
.#####..#####.#####..#


There were no monsters in sight!

Vanquished Creatures
  2 endoplasms (D:1)
  2 hobgoblins (D:1)
  A ball python (D:1)
  A rat (D:1)
6 creatures vanquished.

Notes
Turn   | Place    | Note
-------+----------+-------------------------------------------
     0 | D:1      | Leeroy the Merfolk Gladiator began the quest for the Orb.
     0 | D:1      | Reached XP level 1. HP: 16/16 MP: 1/1
   195 | D:1      | Found a faded altar of an unknown god.
   388 | D:1      | Reached XP level 2. HP: 21/23 MP: 2/2
   411 | D:$      | Got out of the dungeon alive.

Illustrated notes

Levels and vault maps discovered:
D:1:      minmay_arrival_four_houses, layout_loops_ring,
          ebering_ecumenical_altar_rust, reono_crystal_passage

Action                   || total
-------------------------++-------
Melee: Long sword        ||     8
Armor: Leather armour    ||     2
Dodge: Dodged            ||     2

Table legend: (Time is in decaauts)
 A = Elapsed time spent in this place.
 B = Non-inter-level travel time spent in this place.
 C = Inter-level travel time spent in this place.
 D = Time resting spent in this place.
 E = Time spent auto-exploring this place.
 F = Levels seen in this place.
 G = Mean time per level.
                   A        B        C        D        E       F      G
               +--------+--------+--------+--------+--------+-----+--------+
         Total |    412 |    390 |     22 |      0 |    347 |   1 |  412.0 |
       Dungeon |    412 |    390 |     22 |      0 |    347 |   1 |  412.0 |
               +--------+--------+--------+--------+--------+-----+--------+

Top non-repeatable levels by time:
     D:1: 412 daAuts
